 Dungeon Crawl Stone Soup version 0.31-a0-844-gdc52ec4e09 (webtiles) character file.

Game seed: 15817955904002588912

738 Kurtz the Cleaver (level 7, -3/46 HPs)
             Began as an Octopode Fighter on Sept 29, 2023.
             Slain by a kobold brigand
             ... wielding a +0 club
              (8 damage)
             ... on level 4 of the Dungeon.
             The game lasted 00:04:35 (3087 turns).

Kurtz the Cleaver (Octopode Fighter)                Turns: 3087, Time: 00:04:35

Health: -3/46      AC:  1    Str: 15    XL:     7   Next: 75%
Magic:  7/7        EV: 13    Int: 11    God:
Gold:   248        SH:  4    Dex: 13    Spells: 6/6 levels left

rFire   . . .        a - +0 war axe
rCold   . . .        b - +0 buckler
rNeg    . . .        (helmet restricted)
rPois   .            (no amulet)
rElec   .            u - ring of wizardry
rCorr   .            (no ring)
SInv    .            (no ring)
Will    .....        (no ring)
Stlth   ++           (no ring)
HPRegen 0.27/turn    (no ring)
MPRegen 0.10/turn    (no ring)
                     (no ring)

%: wizardry (x1)
@: lethally poisoned (-3 -> -4)
A: almost no armour, amphibious, 8 rings, camouflage 1, gelatinous body 1,
(nimble swimmer 1), tentacles
a: no special abilities


You were on level 4 of the Dungeon.
You visited 1 branch of the dungeon, and saw 4 of its levels.

You collected 248 gold pieces.

Inventory:

Hand Weapons
 a - a +0 war axe (weapon)
Missiles
 q - 7 poisoned darts
Armour
 b - a +0 buckler (worn)
Jewellery
 u - a ring of wizardry (left tentacle)
Wands
 m - a wand of paralysis (1)
 r - a wand of light (8) (quivered)
Scrolls
 d - a scroll of fog {unknown}
 e - 5 scrolls of identify {unknown}
 i - a scroll of acquirement {unknown}
 j - a scroll of immolation {unknown}
 k - 3 scrolls of teleportation {unknown}
 o - a scroll of blinking {unknown}
 p - a scroll of noise {unknown}
 s - a scroll of enchant weapon {unknown}
 v - a scroll of fear {unknown}
 w - a scroll of revelation {unknown}
Potions
 c - 2 potions of might
 f - 5 potions of curing
 g - a potion of brilliance {unknown}
 h - a potion of ambrosia {unknown}
 l - 2 potions of heal wounds {unknown}
 n - a potion of berserk rage {unknown}
 t - a potion of lignification {unknown}


   Skills:
 - Level 3.0 Fighting
 * Level 8.6 Axes
 - Level 3.0 Dodging
 - Level 3.0 Shields


You had 6 spell levels left.
You didn't know any spells.
Your spell library contained the following spells:

 Spells                   Type           Power      Damage    Failure   Level
 Shock                    Conj/Air       0%         1d3       19%         1
 Swiftness                Air            0%         N/A       45%         3
 Airstrike                Air            0%         2d(0-16)  86%         4


Dungeon Overview and Level Annotations

Branches:
Dungeon (4/15)
 Temple: D:4-7

Altars:

Annotations:
D:3 exclusion: 2 downstairs


Innate Abilities, Weirdness & Mutations

You cannot wear most types of armour.
You are amphibious.
You can wear up to eight rings at the same time.
Your skin changes colour to match your surroundings (Stealth+).
Your rubbery body absorbs attacks. (AC +1, EV +1)
((You are camouflaged when in or above water. (Stealth+)))
You have tentacles for arms and can constrict up to eight enemies at once.


Message History

The kobold brigand throws a poisoned dart.
The poisoned dart hits you!
You are more poisoned.
The kobold hits you with a +0 club.
You hit the kobold. Your grab misses the kobold.
Your squeeze misses the kobold.
The kobold is heavily wounded.
You feel very sick. The kobold hits you with a +0 club.
Unknown command.
You hit the kobold but do no damage. Your grab misses the kobold.
The kobold is heavily wounded.
You hit the kobold brigand but do no damage.
You feel very sick. You block the kobold brigand's attack.
The kobold completely misses you.
You are too injured to fight recklessly!
You closely miss the kobold. Your grab misses the kobold.
You squeeze the kobold.
You kill the kobold!
You barely miss the kobold brigand.
You feel sick.
The kobold brigand hits you with a +0 club.
You hit the kobold brigand. Your grab misses the kobold brigand.
The kobold brigand is moderately wounded.
You feel sick. The kobold brigand closely misses you.
Unknown command.
You closely miss the kobold brigand. You grab the kobold brigand.
The kobold brigand is moderately wounded.
You constrict the kobold brigand, but do no damage.
You feel sick.
The kobold brigand hits you with a +0 club!
* * * LOW HITPOINT WARNING * * *
You hit the kobold brigand but do no damage.
The kobold brigand is moderately wounded.
You constrict the kobold brigand.
You feel sick. The kobold brigand barely misses you.
You slash the kobold brigand!
The kobold brigand is severely wounded.
You constrict the kobold brigand.
You feel sick.
The kobold brigand hits you with a +0 club!
You die...

........#.##.#..#.##
##.####..)###.#..#.##
...# ###.#.##.#..#.##
.### #.#..##.#..#.## .##
#†##.?##.#..#.## ).###
#.# ...##.#..#.## #...#
#.# ##..##.#..#.##
###.#####.#
#..K)##.#..#.## #.......#
##@.##.#..#.## #######.#
###.$.###......#
##..###...###.#..#.#+#
######<.<#...###.#..#.###
##......#.#.###.#.†#.###
#.......#.#'#.#..#.###
..........#.#..#.###
.............#.###
..........#..###


You could see a kobold brigand.

Vanquished Creatures
  2 ogres (D:4)
  A scorpion (D:4)
  A jelly (D:4)
  4 hounds
  2 orc priests
  A gnoll bouda (D:4)
  Ijyb (D:3)
  2 iguanas
  An orc wizard (D:3)
  5 gnolls (D:4)
  2 adders
  An ufetubus (D:4)
  4 dart slugs
  4 orcs
  4 bats
  11 endoplasms
  2 giant cockroaches
  7 goblins
  4 hobgoblins
  5 jackals
  10 kobolds
  7 quokkas
  14 ball pythons
  4 frilled lizards
  2 rats (D:1)
101 creatures vanquished.

Notes
Turn   | Place    | Note
-------+----------+-------------------------------------------
     0 | D:1      | Kurtz the Octopode Fighter began the quest for the Orb.
     0 | D:1      | Reached XP level 1. HP: 16/16 MP: 1/1
    33 | D:1      | Reached XP level 2. HP: 21/21 MP: 2/2
   214 | D:1      | Reached skill level 3 in Axes
   301 | D:1      | Reached XP level 3. HP: 24/26 MP: 3/3
   355 | D:1      | Found a faded altar of an unknown god.
   707 | D:2      | Reached skill level 4 in Axes
   707 | D:2      | Reached XP level 4. HP: 16/31 MP: 4/4
  1282 | D:3      | Noticed Ijyb
  1287 | D:3      | Killed Ijyb
  1288 | D:3      | Reached skill level 5 in Axes
  1288 | D:3      | Reached XP level 5. HP: 36/36 MP: 5/5
  1908 | D:4      | Noticed an ogre
  2009 | D:4      | Killed an ogre
  2010 | D:4      | Reached skill level 6 in Axes
  2014 | D:4      | Reached XP level 6. HP: 42/42 MP: 6/6
  2457 | D:3      | Reached skill level 7 in Axes
  2530 | D:3      | Reached XP level 7. HP: 22/46 MP: 7/7
  2826 | D:4      | Reached skill level 8 in Axes
  3076 | D:4      | Identified the +1 scale mail "Xurob" {rF++}
  3087 | D:4      | Slain by a kobold brigand

Illustrated notes

Levels and vault maps discovered:
D:1:      dpeg_arrival_windows_large_door, layout_basic,
          chequers_ecumenical_altar_simple, grunt_decor_junction,
          serial_bayou_pond_d
D:2:      layout_rooms, st_stairs_13
D:3:      layout_rooms, uniq_ijyb
D:4:      minmay_razor_zed, layout_rooms

Skill      XL: |  1  2  3  4  5  6  7 |
---------------+----------------------+-----
Axes           | 3 4 5 6 7 8 |  8.6
Fighting       | |  3.0
Dodging        | |  3.0
Shields        | |  3.0

Action                     |  1- 3 |  4- 6 |  7- 9 || total
---------------------------+-------+-------+-------++-------
  Melee: War axe           |    43 |   105 |    40 ||   188
         Constrict         |     6 |    21 |    10 ||    37
         Tentacles         |     7 |    20 |     8 ||    35
         Punch             |       |     1 |     1 ||     2
  Evoke: Wand              |       |     5 |     6 ||    11
    Use: Potion            |       |     1 |       ||     1
   Stab: Sleeping          |     9 |     6 |     2 ||    17
         Paralysed         |       |    10 |       ||    10
         Invisible         |       |       |     2 ||     2
 Armour: Skin              |    12 |    46 |    26 ||    84
  Dodge: Dodged            |    15 |    65 |    22 ||   102
  Block: Buckler           |     5 |    25 |     9 ||    39

Table legend: (Time is in decaauts)
 A = Elapsed time spent in this place.
 B = Non-inter-level travel time spent in this place.
 C = Inter-level travel time spent in this place.
 D = Time resting spent in this place.
 E = Time spent auto-exploring this place.
 F = Levels seen in this place.
 G = Mean time per level.
                   A        B        C        D        E       F      G
               +--------+--------+--------+--------+--------+-----+--------+
         Total |   3146 |   2900 |    246 |    556 |   1682 |   4 |  786.5 |
       Dungeon |   3146 |   2900 |    246 |    556 |   1682 |   4 |  786.5 |
               +--------+--------+--------+--------+--------+-----+--------+

Top non-repeatable levels by time:
     D:3: 904 daAuts
     D:4: 889 daAuts
     D:1: 732 daAuts
     D:2: 619 daAuts
